 Dungeon Crawl Stone Soup version 0.26-a0-665-gefeb406119 (webtiles) character file.

Game seed: 433611238799710755

168 somkeydreadnuts the Firebug (level 5, 0/37 HPs)
             Began as a Gnoll Fire Elementalist on Oct 15, 2020.
             Slain by a hobgoblin
             ... wielding a +0 club
              (6 damage)
             ... on level 3 of the Dungeon.
             The game lasted 00:08:46 (2069 turns).

somkeydreadnuts the Firebug (GnFE)                  Turns: 2069, Time: 00:08:50

Health: 0/37       AC:  3    Str: 11    XL:     5   Next: 48%
Magic:  3/12       EV: 15    Int: 18    God:
Gold:   116        SH:  0    Dex: 15    Spells: 13/14 levels left

rFire    . . .     SeeInvis .   e - +0 dagger
rCold    . . .     Faith    .   (no shield)
rNeg     . . .     Spirit   .   a - +0 robe
rPois    .         Reflect  .   c - +0 helmet
rElec    .         Harm     .   (no cloak)
rCorr    .         Rampage  .   (no gloves)
MR       .....                  (no boots)
Stlth    +++.......             (no amulet)
HPRegen  0.12/turn              (no ring)
MPRegen  0.13/turn              (no ring)

@: no status effects
A: distributed training, fangs 1, strong nose
a: no special abilities


You were on level 3 of the Dungeon.
You visited 1 branch of the dungeon, and saw 3 of its levels.

You collected 116 gold pieces.

Inventory:

Hand Weapons
 e - a +0 dagger (weapon)
 i - a +0 dagger
Armour
 a - a +0 robe (worn)
 c - a +0 helmet (worn)
 d - a +0 robe
Scrolls
 b - 2 scrolls of magic mapping {unknown}
 g - a scroll of amnesia {unknown}
 h - 2 scrolls of identify {unknown}
 j - a scroll of noise {unknown}
 l - 2 scrolls of teleportation {unknown}
 m - a scroll of remove curse {unknown}
 r - a scroll of enchant weapon {unknown}
 s - a scroll of blinking {unknown}
Potions
 f - 3 potions of heal wounds {unknown}
 k - 2 potions of stabbing {unknown}
 n - a potion of curing {unknown}
 o - a potion of brilliance {unknown}
 p - a potion of might {unknown}
 q - a potion of berserk rage {unknown}
 t - a potion of haste {unknown}
 u - a potion of flight {unknown}


   Skills:
 + Level 1.5 Fighting
 + Level 1.5 Short Blades
 + Level 1.5 Long Blades
 + Level 1.5 Axes
 + Level 1.5 Maces & Flails
 + Level 1.5 Polearms
 + Level 1.5 Staves
 + Level 1.5 Slings
 + Level 1.5 Bows
 + Level 1.5 Crossbows
 + Level 1.5 Throwing
 + Level 1.5 Armour
 + Level 4.8 Dodging
 + Level 4.4 Stealth
 + Level 1.5 Shields
 + Level 1.5 Unarmed Combat
 + Level 5.2 Spellcasting
 + Level 2.4 Conjurations
 + Level 1.2 Hexes
 + Level 1.2 Summonings
 + Level 1.2 Necromancy
 + Level 1.2 Translocations
 + Level 1.2 Transmutations
 + Level 5.5 Fire Magic
 + Level 1.2 Ice Magic
 + Level 1.2 Air Magic
 + Level 1.2 Earth Magic
 + Level 1.2 Poison Magic
 + Level 1.7 Invocations
 + Level 1.5 Evocations


You had 13 spell levels left.
You knew the following spells:

 Your Spells              Type           Power        Failure   Level
a - Foxfire               Conj/Fire      ###.         2%          1

Your spell library contained the following spells:

 Spells                   Type           Power        Failure   Level
 Conjure Flame            Conj/Fire      ###.....     8%          3
 Inner Flame              Hex/Fire       ###.....     10%         3
 Sticky Flame             Conj/Fire      ###.....     26%         4
 Fireball                 Conj/Fire      ###.......   56%         5


Dungeon Overview and Level Annotations

Branches:
Dungeon (3/15)

Altars:
Hepliaklqana


Innate Abilities, Weirdness & Mutations

Your experience applies equally to all skills.
You have very sharp teeth.
Your uncanny sense of smell can sniff out nearby items.


Message History

The foxfire hits the goblin.
You kill the goblin!
The goblin misses you. The goblin completely misses you.
The hobgoblin hits you but does no damage.
The gnoll closely misses you.
Casting: Foxfire (safe; 2% risk of failure)
Confirm with . or Enter, or press ? or * to list all spells.
You conjure some foxfire!
The foxfire hits the hobgoblin.
The hobgoblin is almost dead.
The goblin hits you.
* * * LOW HITPOINT WARNING * * *
The goblin closely misses you.
Casting: Foxfire (safe; 2% risk of failure)
Confirm with . or Enter, or press ? or * to list all spells.
You conjure some foxfire!
The foxfire hits the goblin.
You kill the goblin!
The foxfire hits the goblin.
The goblin is heavily wounded.
The hobgoblin hits you with a +0 club.
You die...

≈≈≈≈≈≈......≈
≈≈≈≈≈≈......≈
≈≈≈≈≈≈......≈ #######
########('### ##....$#
#..).# ##......+ #....#
#....=..#########.)).##
#.....vv.......#......#
+....)@g.......'......+
#....)gg.......#..[...#
#.......#########....##
##......+ #....#
##.....# #....# #######
######


You could see a gnoll, a hobgoblin and a goblin.

Vanquished Creatures
  A bullfrog (D:2)
  4 gnolls (D:3)
  An adder (D:2)
  2 dart slugs (D:2)
  2 leopard geckos
  A giant cockroach (D:1)
  9 goblins
  7 hobgoblins
  6 jackals
  12 bats
  3 frilled lizards (D:2)
  3 kobolds
  4 rats
55 creatures vanquished.

Vanquished Creatures (others)
  126 foxfires
126 creatures vanquished.

Grand Total: 181 creatures vanquished

Notes
Turn   | Place    | Note
-------+----------+-------------------------------------------
     0 | D:1      | somkeydreadnuts the Gnoll Fire Elementalist began the quest
                  | for the Orb.
     0 | D:1      | Reached XP level 1. HP: 13/13 MP: 6/6
   263 | D:1      | Reached XP level 2. HP: 18/19 MP: 5/7
   976 | D:2      | Reached skill level 5 in Spellcasting
   976 | D:2      | Reached XP level 3. HP: 25/25 MP: 4/9
  1065 | D:2      | Reached skill level 1 in Invocations
  1074 | D:2      | Noticed a bullfrog
  1085 | D:2      | Killed a bullfrog
  1085 | D:2      | Reached skill level 1 in Fighting
  1085 | D:2      | Reached skill level 1 in Short Blades
  1085 | D:2      | Reached skill level 1 in Long Blades
  1085 | D:2      | Reached skill level 1 in Axes
  1085 | D:2      | Reached skill level 1 in Maces & Flails
  1085 | D:2      | Reached skill level 1 in Polearms
  1085 | D:2      | Reached skill level 1 in Staves
  1085 | D:2      | Reached skill level 1 in Slings
  1085 | D:2      | Reached skill level 1 in Bows
  1085 | D:2      | Reached skill level 1 in Crossbows
  1085 | D:2      | Reached skill level 1 in Throwing
  1085 | D:2      | Reached skill level 1 in Armour
  1085 | D:2      | Reached skill level 1 in Shields
  1085 | D:2      | Reached skill level 1 in Unarmed Combat
  1085 | D:2      | Reached skill level 1 in Hexes
  1085 | D:2      | Reached skill level 1 in Summonings
  1085 | D:2      | Reached skill level 1 in Necromancy
  1085 | D:2      | Reached skill level 1 in Translocations
  1085 | D:2      | Reached skill level 1 in Transmutations
  1085 | D:2      | Reached skill level 1 in Ice Magic
  1085 | D:2      | Reached skill level 1 in Air Magic
  1085 | D:2      | Reached skill level 1 in Earth Magic
  1085 | D:2      | Reached skill level 1 in Poison Magic
  1085 | D:2      | Reached skill level 1 in Evocations
  1085 | D:2      | Reached XP level 4. HP: 25/32 MP: 6/11
  1638 | D:3      | Reached XP level 5. HP: 37/37 MP: 7/12
  1857 | D:3      | Found a hazy altar of Hepliaklqana.
  2069 | D:3      | Slain by a hobgoblin

Illustrated notes

Levels and vault maps discovered:
D:1:      evilmike_arrival_rings, layout_loops_ring
D:2:      layout_basic, uniq_crazy_yiuf_cottage
D:3:      minmay_goblin_kobold_castle, layout_rooms, lemuel_doored_altar,
          gammafunk_temple_overflow_statue, dk_vineyard_3,
          minmay_misc_feat_tower, uniq_jessica

Skill      XL: |  1  2  3 |
---------------+----------+-----
Conjurations   | 2 |  2.4
Spellcasting   | 5 |  5.2
Invocations    | 1 |  1.7
Fighting       | 1 |  1.5
Short Blades   | 1 |  1.5
Long Blades    | 1 |  1.5
Axes           | 1 |  1.5
Maces & Flails | 1 |  1.5
Polearms       | 1 |  1.5
Staves         | 1 |  1.5
Slings         | 1 |  1.5
Bows           | 1 |  1.5
Crossbows      | 1 |  1.5
Throwing       | 1 |  1.5
Armour         | 1 |  1.5
Shields        | 1 |  1.5
Unarmed Combat | 1 |  1.5
Hexes          | 1 |  1.2
Summonings     | 1 |  1.2
Necromancy     | 1 |  1.2
Translocations | 1 |  1.2
Transmutations | 1 |  1.2
Ice Magic      | 1 |  1.2
Air Magic      | 1 |  1.2
Earth Magic    | 1 |  1.2
Poison Magic   | 1 |  1.2
Evocations     | 1 |  1.5
Dodging        | |  4.8
Stealth        | |  4.4
Fire Magic     | |  5.5

Action                   |  1- 3 |  4- 6 || total
-------------------------+-------+-------++-------
Melee: Bite              |     1 |     1 ||     2
       Unarmed           |     1 |       ||     1
       Dagger            |     6 |     2 ||     8
 Cast: Foxfire           |    41 |    43 ||    84
Armor: Robe              |    11 |     6 ||    17
Dodge: Dodged            |    28 |    30 ||    58

Table legend: (Time is in decaauts)
 A = Elapsed time spent in this place.
 B = Non-inter-level travel time spent in this place.
 C = Inter-level travel time spent in this place.
 D = Time resting spent in this place.
 E = Time spent auto-exploring this place.
 F = Levels seen in this place.
 G = Mean time per level.
                   A        B        C        D        E       F      G
               +--------+--------+--------+--------+--------+-----+--------+
         Total |   2068 |   2068 |      0 |      0 |   1399 |   3 |  689.3 |
       Dungeon |   2068 |   2068 |      0 |      0 |   1399 |   3 |  689.3 |
               +--------+--------+--------+--------+--------+-----+--------+

Top non-repeatable levels by time:
     D:1: 910 daAuts
     D:2: 720 daAuts
     D:3: 437 daAuts
